 Dungeon Crawl Stone Soup version 0.27-a0-1301-g128193abf8 (webtiles) character file.

Game seed: 13995671972167910549

43822 mandarbmax the Reanimator (level 14, -3/126 HPs)
             Began as a Naga Necromancer on June 17, 2021.
             Was the Champion of Cheibriados.
             Slain by a komodo dragon (17 damage)
             ... on level 6 of the Lair of Beasts on June 18, 2021.
             The game lasted 01:07:42 (25164 turns).

mandarbmax the Reanimator (Naga Necromancer)       Turns: 25164, Time: 01:07:43

Health: -3/126     AC: 14    Str: 27    XL:     14   Next: 25%
Magic:  3/21       EV: 28    Int: 41    God:    Cheibriados [******]
Gold:   699        SH: 14    Dex: 29    Spells: 10/23 levels left

rFire    . . .     SeeInvis +   z - staff of death
rCold    . . .     Faith    .   B - +0 kite shield
rNeg     + . .     Spirit   .   n - +0 leather armour
rPois    +         Reflect  .   k - +2 helmet {Int+3}
rElec    .         Harm     .   K - scarf {shadows}
rCorr    .         Rampage  .   (no gloves)
Will     +....                  l - +0 barding
Stlth    +++.......             f - amulet of the acrobat
HPRegen  0.31/turn              C - +4 ring of slaying
MPRegen  0.17/turn              t - +6 ring of intelligence

@: marked, acrobatic, very slow
A: AC +4, large, see invisible, deformed body, poison resistance, slowness 2,
spit poison 1, naga tail 2
a: Spit Poison, Renounce Religion, Bend Time, Temporal Distortion, Slouch, Step
From Time


You were on level 6 of the Lair of Beasts.
You worshipped Cheibriados.
Cheibriados was exalted by your worship.
You visited 2 branches of the dungeon, and saw 17 of its levels.

You collected 879 gold pieces.
You spent 180 gold pieces at shops.

Inventory:

Hand Weapons
 q - a +1 long sword of electrocution
Armour
 k - a +2 helmet of intelligence (worn)
 l - a +0 barding (worn)
 n - a +0 leather armour (worn)
 B - a +0 kite shield (worn)
 K - a scarf of shadows (worn)
Magical Staves
 z - a staff of death (weapon)
Jewellery
 b - a ring of ice
 f - an amulet of the acrobat (around neck)
 j - a ring of flight
 t - a +6 ring of intelligence (right hand)
 C - a +4 ring of slaying (left hand)
 I - a ring of resist corrosion
Wands
 e - a wand of paralysis (9)
 m - a wand of mindburst (5)
 o - a wand of polymorph (7)
 y - a wand of digging (5)
 H - a wand of iceblast (14)
Scrolls
 a - 2 scrolls of magic mapping
 c - 2 scrolls of enchant armour
 g - 3 scrolls of fog
 p - 2 scrolls of brand weapon
 s - a scroll of fear
 u - a scroll of amnesia
 v - a scroll of immolation
 w - a scroll of summoning
 D - a scroll of identify
 F - 2 scrolls of enchant weapon
Potions
 d - a potion of brilliance
 h - 5 potions of flight
 i - 3 potions of curing
 r - 2 potions of mutation
 x - 2 potions of might
 G - a potion of resistance
Miscellaneous
 A - a lightning rod (2/4)
 E - a tin of tremorstones (inert)


   Skills:
 - Level 8.0 Fighting
 + Level 9.8 Staves
 * Level 4.5 Armour
 * Level 6.7 Dodging
 - Level 3.0 Stealth
 + Level 8.4 Shields
 - Level 5.0 Spellcasting
 - Level 12.0 Necromancy
 - Level 7.0 Invocations
 - Level 8.0 Evocations


You had 10 spell levels left.
You knew the following spells:

 Your Spells              Type           Power      Damage    Failure   Level
a - Pain                  Necr           100%       1d9       1%          1
b - Vampiric Draining     Necr           52%        2d13      1%          3
c - Agony                 Necr           100%       N/A       1%          5
z - Animate Dead          Necr           52%        N/A       1%          4

Your spell library contained the following spells:

 Spells                   Type           Power      Damage    Failure   Level
 Animate Skeleton         Necr           100%       N/A       1%          1
 Apportation              Tloc           20%        N/A       3%          1
 Corona                   Hex            11%        N/A       3%          1
 Sandblast                Erth           20%        2d7       3%          1
 Summon Small Mammal      Summ           40%        N/A       3%          1
 Ensorcelled Hibernation  Hex/Ice        20%        N/A       5%          2
 Passwall                 Tmut/Erth      8%         N/A       5%          2
 Slow                     Hex            10%        N/A       5%          2
 Confusing Touch          Hex            10%        N/A       11%         3
 Dazzling Flash           Conj/Hex       20%        N/A       11%         3
 Inner Flame              Hex/Fire       10%        N/A       11%         3
 Portal Projectile        Hex/Tloc       20%        N/A       11%         3
 Stone Arrow              Conj/Erth      20%        3d8       11%         3
 Tukima's Dance           Hex            10%        N/A       11%         3
 Cause Fear               Hex            5%         N/A       34%         4
 Leda's Liquefaction      Hex/Erth       5%         N/A       34%         4
 Petrify                  Tmut/Erth      10%        N/A       34%         4
 Lee's Rapid Deconstruct  Erth           5%         3d7*      67%         5
 Silence                  Hex/Air        5%         N/A       67%         5
 Yara's Violent Unravell  Hex/Tmut       5%         3d4       67%         5
 Discord                  Hex            5%         N/A       100%        8


Dungeon Overview and Level Annotations

Branches:
Dungeon (11/15)            Temple (0/1) D:6            Lair (6/6) D:8
 Shoals (0/4) Lair:3       Spider (0/4) Lair:3        Slime (0/5) Lair:6
    Orc (0/2) D:10

Altars:
Cheibriados
Elyvilon
Gozag
Nemelex Xobeh
Trog
Yredelemnul
The Shining One

Shops:
D:1 [   D:8 :

Annotations:
Lair:3 exclusion: ice statue


Innate Abilities, Weirdness & Mutations

Your serpentine skin is tough. (AC +4)
You have supernaturally acute eyesight. (SInv)
Armour fits poorly on your strangely shaped body.
Your system is resistant to poisons. (rPois)
You cover ground very slowly.
You can spit poison.
You can use your snake-like lower body to constrict enemies.


Message History

You block the elephant's attack.
The merfolk avatar chants a haunting song.
You resist with almost no effort.
The komodo dragon hisses menacingly.
The komodo dragon closely misses you. The rime drake closely misses you.
The wyvern bites you.
Unknown command.
Aiming: Thunderbolt
Press: ? - help, Shift-Dir - straight line, f/p - merfolk avatar
Aim: a merfolk avatar (lightly wounded)
The thunderbolt hits the merfolk avatar!
The merfolk avatar is moderately wounded.
The thunderbolt hits the wyvern!!
You kill the wyvern!
Cheibriados thoroughly appreciates the change of pace.
The elephant tramples you.
You hold your ground!
The elephant closely misses you. The komodo dragon bites you!
* * * LOW HITPOINT WARNING * * *
The cane toad stings you!
* * * LOW HITPOINT WARNING * * *
You block the rime drake's attack.
As you read the scroll of fear, it crumbles to dust.
You assume a fearsome visage.
The rime drake looks frightened!
The merfolk avatar resists with almost no effort.
The elephant resists with some effort.
The fungus is unaffected. x5
The cane toad looks frightened!
The death yak resists with almost no effort.
The cane toad looks frightened!
The komodo dragon resists with some effort.
You block the elephant's attack. x2; You block the komodo dragon's attack.
The merfolk avatar chants a haunting song.
You resist with almost no effort.
Unknown command.
Casting: Vampiric Draining (safe; 1% risk of failure)
Confirm with . or Enter, or press ? or * to list all spells.
You don't have enough magic to cast this spell.
A seven-headed hydra comes into view.
The elephant closely misses you. The elephant barely misses you.
You block the death yak's attack. The komodo dragon bites you!
You die...

P.P..#.......,,,,,,*,,,,,,,,,**
......#.....#.....##....,,,,,***
.......#...........#P...,,,,,*,*
............P......PPP..,,,,,,,*
........................,,,,,,**
.............k..........,,,,,,,*
............#..†........,,,,,*,*
............#..†YY......∩,,,,,**
.............k..@l......,,,,,,*
≈.......≈≈≈≈m..†........,,,,,**
........≈≈≈≈.........)..,,,,,**
≈.......≈≈≈≈.......F....,,,,,,*
≈.......≈≈≈≈F...#D.###..*,**,,*
..................## *##*****,*
,,.........F....P..* ***
≈,,,,,,,,,,,,,,,*,***** ***
,,,,,,,≈≈≈≈≈^*,,,**,,,****,****


You could see a merfolk avatar, a death yak, a seven-headed hydra, an elephant,
a komodo dragon, 3 cane toads and 2 rime drakes.

Vanquished Creatures
  Nessos (Lair:4)
  Josephine (D:10)
  4 hydras
  A boulder beetle (D:10)
  2 catoblepae
  A two-headed ogre (D:8)
  3 death yaks (Lair:6)
  A sea snake (Lair:6)
  A harpy (Lair:6)
  An oklob plant (Lair:3)
  A manticore (Lair:6)
  A cyclops (D:10)
  7 elephants
  6 black mambas
  A torpor snail (Lair:6)
  13 cane toads
  A kobold demonologist (D:10)
  An unseen horror (D:11)
  3 rime drakes
  9 komodo dragons
  2 trolls
  8 polar bears
  Prince Ribbit (D:8)
  3 slime creatures (Lair:6)
  19 blink frogs
  2 dream sheep (Lair:6)
  3 hornets
  21 yaks
  A shadow (D:10)
  4 wraiths (D:10)
  7 wyverns
  A human (D:6)
  Grum (D:9)
  2 basilisks
  4 vampire mosquitoes (D:10)
  A steam dragon (Lair:4)
  An acid dragon (D:9)
  11 water moccasins
  4 orc warriors
  A meliai simulacrum (D:11)
  8 ice beasts
  2 sky beasts (D:6)
  4 ogres
  3 black bears
  A phantom (D:5)
  4 wolves (D:9)
  6 centaurs
  9 bullfrogs
  3 kobold brigands
  3 scorpions
  2 wyvern skeletons (D:7)
  9 killer bees
  A howler monkey (D:8)
  2 electric eels
  3 centaur zombies
  2 centaur skeletons
  2 hounds (D:5)
  A human skeleton (D:6)
  4 orc priests
  A jelly (Lair:6)
  An iguana (D:7)
  7 orc wizards
  A howler monkey skeleton (D:7)
  A gnoll (D:8)
  10 adders
  A shadow imp (D:8)
  2 worms
  3 dart slugs
  28 orcs
  5 ball pythons
  5 endoplasms
  2 giant cockroaches
  7 hobgoblins
  6 jackals
  3 quokkas
  3 bats
  3 frilled lizards
  5 goblins
  14 kobolds
  2 rats
335 creatures vanquished.

Vanquished Creatures (collateral kills)
  A manticore (Lair:6)
  An elephant (Lair:6)
  A black mamba (Lair:3)
  A hornet (Lair:6)
  A polar bear (Lair:6)
  2 blink frogs (Lair:4)
  3 yaks (Lair:4)
  A necrophage (D:5)
  Terence (D:2)
  A white imp (Lair:3)
13 creatures vanquished.

Vanquished Creatures (others)
  A bush (Lair:4)
  21 fungi
  36 plants
58 creatures vanquished.

Grand Total: 406 creatures vanquished

Notes
Turn   | Place    | Note
-------+----------+-------------------------------------------
     0 | D:1      | mandarbmax the Naga Necromancer began the quest for the
                  | Orb.
     0 | D:1      | Reached XP level 1. HP: 15/15 MP: 3/3
    46 | D:1      | Found Kyoxteg's Antique Armour Boutique.
   124 | D:1      | Learned a level 1 spell: Animate Skeleton
   259 | D:1      | Reached XP level 2. HP: 22/22 MP: 5/5
  1203 | D:2      | Found a faded altar of an unknown god.
  1253 | D:2      | Reached skill level 1 in Shields
  1253 | D:2      | Reached XP level 3. HP: 28/28 MP: 6/6
  1257 | D:2      | Learned a level 3 spell: Vampiric Draining
  1440 | D:2      | Noticed Terence
  1444 | D:2      | Killed Terence
  1445 | D:2      | Reached XP level 4. HP: 33/36 MP: 3/7
  2481 | D:3      | Reached skill level 5 in Necromancy
  2594 | D:3      | Found a snail-covered altar of Cheibriados.
  2615 | D:3      | Became a worshipper of Cheibriados the Contemplative
  2791 | D:3      | Reached XP level 5. HP: 37/42 MP: 4/8
  3311 | D:4      | Noticed Sigmund
  3313 | D:4      | Noticed Sigmund
  3313 | D:4      | Sigmund changed into Sigmund the killer bee
  3316 | D:4      | Killed Sigmund the killer bee
  3320 | D:4      | Reached * piety under Cheibriados
  3452 | D:4      | Noticed an ogre
  3457 | D:4      | Killed an ogre
  3458 | D:4      | Reached skill level 6 in Necromancy
  3458 | D:4      | Reached XP level 6. HP: 48/49 MP: 2/9
  3459 | D:4      | Noticed an ice beast
  3817 | D:4      | Noticed a black bear
  3827 | D:4      | Killed a black bear
  3907 | D:4      | Reached skill level 7 in Necromancy
  4647 | D:5      | Entered Level 5 of the Dungeon
  4647 | D:5      | Noticed a necrophage
  4653 | D:5      | Reached XP level 7. HP: 54/55 MP: 3/11
  4667 | D:5      | Learned a level 5 spell: Agony
  4838 | D:5      | Reached ** piety under Cheibriados
  4861 | D:5      | Reached skill level 8 in Necromancy
  5247 | D:1      | Bought a glowing helmet for 180 gold pieces
  5540 | D:5      | Reached XP level 8. HP: 29/62 MP: 5/12
  5545 | D:5      | Reached skill level 9 in Necromancy
  6357 | D:6      | Reached skill level 10 in Necromancy
  6578 | D:6      | Found a staircase to the Ecumenical Temple.
  6698 | D:5      | Reached XP level 9. HP: 45/68 MP: 4/15
  7462 | D:6      | Reached skill level 11 in Necromancy
  7531 | D:6      | Reached *** piety under Cheibriados
  7660 | D:6      | Found a bloodstained altar of Trog.
  7811 | D:6      | Found a runed translucent door.
  7814 | D:6      | Found a basalt altar of Yredelemnul.
  8165 | D:7      | Learned a level 4 spell: Animate Dead
  8367 | D:7      | Found an opulent altar of Gozag.
  8393 | D:7      | Reached skill level 12 in Necromancy
  8647 | D:7      | Reached skill level 1 in Fighting
  8787 | D:7      | Reached skill level 1 in Invocations
  8787 | D:7      | Reached skill level 1 in Evocations
  9381 | D:8      | Found a white marble altar of Elyvilon.
  9495 | D:8      | Noticed Prince Ribbit
  9841 | D:8      | Killed Prince Ribbit
  9842 | D:8      | Reached XP level 10. HP: 57/82 MP: 4/16
 10138 | D:8      | Reached **** piety under Cheibriados
 10270 | D:8      | Found Yrofym's Book Boutique.
 10504 | D:8      | Found a staircase to the Lair.
 10669 | D:8      | Noticed a two-headed ogre
 10675 | D:8      | Killed a two-headed ogre
 10697 | D:8      | Noticed an elephant
 11337 | D:8      | Killed an elephant
 11338 | D:8      | Reached skill level 5 in Invocations
 11885 | D:9      | Found a glowing golden altar of the Shining One.
 12069 | D:9      | Noticed Grum
 12075 | D:9      | Reached skill level 5 in Fighting
 12076 | D:9      | Reached skill level 5 in Evocations
 12078 | D:9      | Killed Grum
 13373 | D:10     | Entered Level 10 of the Dungeon
 13405 | D:10     | Found a staircase to the Orcish Mines.
 13614 | D:10     | Found a sparkling altar of Nemelex Xobeh.
 13712 | D:10     | Noticed Josephine
 13935 | D:10     | Reached XP level 11. HP: 82/97 MP: 17/17
 14013 | D:10     | Reached skill level 5 in Spellcasting
 14172 | D:10     | Noticed a cyclops
 14183 | D:10     | Killed a cyclops
 14307 | D:10     | Killed Josephine
 14626 | D:10     | Reached skill level 5 in Dodging
 15222 | D:11     | Noticed a boulder beetle
 15508 | D:10     | Killed a boulder beetle
 15785 | D:11     | Noticed a manticore
 15948 | Lair:1   | Entered Level 1 of the Lair of Beasts
 16159 | Lair:1   | Identified a scroll of acquirement
 16160 | Lair:1   | Acquired a staff of death
 16893 | Lair:2   | Reached skill level 1 in Staves
 17250 | Lair:2   | Reached XP level 12. HP: 81/110 MP: 4/19
 17662 | Lair:2   | Noticed a seven-headed hydra
 17667 | Lair:2   | Killed a seven-headed hydra
 19068 | Lair:3   | Found a hole to the Spider Nest.
 19210 | Lair:3   | Noticed a six-headed hydra
 19216 | Lair:3   | Killed a six-headed hydra
 19339 | Lair:3   | Found a staircase to the Shoals.
 19960 | Lair:3   | Reached skill level 5 in Staves
 20259 | Lair:3   | Reached ***** piety under Cheibriados
 20351 | Lair:3   | Reached skill level 5 in Shields
 21900 | Lair:4   | Gained mutation: You can use your snake-like lower body to
                  | constrict enemies. [Naga growth]
 21900 | Lair:4   | Reached XP level 13. HP: 104/117 MP: 15/20
 22694 | Lair:4   | Noticed Nessos
 22706 | Lair:4   | Killed Nessos
 22816 | Lair:4   | Reached ****** piety under Cheibriados
 23769 | Lair:5   | Reached skill level 1 in Armour
 24620 | Lair:6   | Entered Level 6 of the Lair of Beasts
 25059 | Lair:6   | Found a staircase to the Slime Pits.
 25074 | Lair:6   | Reached XP level 14. HP: 110/126 MP: 7/21
 25164 | Lair:6   | Slain by a komodo dragon

Illustrated notes

Levels and vault maps discovered:
D:1:      psy_arrival_dodecagon, layout_rooms, serial_aquarium,
          aquarium_bridge_square [aquarium_subvault_bridge,
          aquarium_subvault_bridge, aquarium_subvault_wall,
          aquarium_subvault_window], aquarium_window_2, aquarium_window_fake,
          aquarium_window_corridor_1, aquarium_window_1, aquarium_view_2d,
          aquarium_view_2a, aquarium_pool_1, serial_shops, shop_coins,
          kennysheep_decorative_pillar
D:2:      layout_basic, ebering_ecumenical_altar_abandoned, uniq_terence
D:3:      layout_rooms, cheibrodos_worm_habitat
D:4:      layout_layer_cave, chequers_serial_rivers_room_b, uniq_sigmund
D:5:      layout_rooms
D:6:      layout_basic, kennysheep_mini, dk_yredelemnul_ordeal,
          minmay_temple_entry_hall
D:7:      layout_gridville, kennysheep_mini_moat
D:8:      mumra_celtic_spiral_tile, layout_loops_ring, elyvilon_altar_3,
          david_lair_generic, serial_shops, nicolae_lakefront_shop, st_stairs_6,
          grunt_ministairs_8, uniq_prince_ribbit1
D:9:      layout_layer_cave, lemuel_doored_altar, uniq_grum
D:10:     layout_roguey, lemuel_crystal_altar, david_orc_2, serial_bayou_pond_e,
          uniq_josephine
D:11:     minmay_the_grid_square_5x5_5x5 [minmay_the_grid_square_5x5_minibox,
          minmay_the_grid_square_5x5_mess,
          minmay_the_grid_square_5x5_pentomino_r,
          minmay_the_grid_square_5x5_checkered_statues,
          minmay_the_grid_square_5x5_c, minmay_the_grid_square_5x5_misaligned,
          minmay_the_grid_square_5x5_prize_junk,
          minmay_the_grid_square_5x5_shuriken,
          minmay_the_grid_square_5x5_prize_pseudospiral,
          minmay_the_grid_square_5x5_minivault, minmay_the_grid_square_5x5_tie,
          minmay_the_grid_square_5x5_half_checkered,
          minmay_the_grid_square_5x5_prize_itemx,
          minmay_the_grid_square_5x5_hollow_slash,
          minmay_the_grid_square_5x5_spiral_small,
          minmay_the_grid_square_5x5_eight,
          minmay_the_grid_square_5x5_prize_monsterx,
          minmay_the_grid_square_5x5_fancy_junction,
          minmay_the_grid_square_5x5_prize_deathbox,
          minmay_the_grid_square_5x5_intrusive_squares,
          minmay_the_grid_square_5x5_hourglass,
          minmay_the_grid_square_5x5_shrine2,
          minmay_the_grid_square_5x5_inner_i, minmay_the_grid_square_5x5_two,
          minmay_the_grid_square_5x5_minimal], layout_rooms, special_room
          [special_room_orc], uniq_fannar, uniq_snorg, uniq_nergalle,
          uniq_psyche
Lair:1:   layout_misc_corridors, patterned_corridor
Lair:2:   layout_layer_cave, serial_bayou_shore_a, grunt_megastairs_5
Lair:3:   layout_regular_city, minmay_shoals_entry_centaurs,
          spider_nest_entry_web_field, ice2_lemuel
Lair:4:   layout_gridlike, uniq_nessos
Lair:5:   layout_regular_city
Lair:6:   gammafunk_lair_ancient_temple, layout_gridlike,
          minmay_slime_entry_pillars, gauntlet_entry_generic

Skill      XL: |  1  2  3  4  5  6  7  8  9 10 11 12 13 14 |
---------------+-------------------------------------------+-----
Dodging        | 2 4 5 6 |  6.7
Shields        | 1 2 6 8 |  8.4
Necromancy     | 5 6 7 8 10 12 | 12.0
Spellcasting   | 3 4 5 |  5.0
Fighting       | 2 6 8 |  8.0
Invocations    | 3 5 7 |  7.0
Evocations     | 2 5 6 8 |  8.0
Staves         | 2 6 9 |  9.8
Armour         | 3 4 |  4.5
Stealth        | |  3.0

Action                   |  1- 3 |  4- 6 |  7- 9 | 10-12 | 13-15 || total
-------------------------+-------+-------+-------+-------+-------++-------
Melee: Dagger            |     1 |     2 |       |       |       ||     3
       Long sword        |       |     7 |   168 |   111 |       ||   286
       Staff             |       |       |       |   144 |   163 ||   307
       Constrict         |       |       |       |       |    40 ||    40
 Cast: Pain              |    20 |    54 |    47 |    55 |    22 ||   198
       Animate Skeleton  |     8 |    16 |     7 |       |       ||    31
       Vampiric Draining |       |     6 |    32 |    72 |    31 ||   141
       Agony             |       |       |    15 |    48 |    21 ||    84
       Animate Dead      |       |       |     7 |    35 |    15 ||    57
Invok: Bend Time         |       |       |     1 |       |       ||     1
       Slouch            |       |       |       |     4 |     3 ||     7
 Abil: Spit Poison       |    21 |    26 |    45 |    61 |    22 ||   175
Evoke: Wand              |       |     1 |    26 |    39 |    14 ||    80
       Lightning rod     |       |       |       |     7 |     4 ||    11
       Tin of tremorston |       |       |       |     2 |     2 ||     4
  Use: Scroll            |       |     5 |     4 |    19 |    10 ||    38
       Potion            |       |       |     7 |     7 |     2 ||    16
 Stab: Sleeping          |       |       |     3 |     3 |     1 ||     7
       Distracted        |       |       |       |     1 |     1 ||     2
       Petrified         |       |       |       |       |     7 ||     7
       Paralysed         |       |       |       |       |     5 ||     5
       Invisible         |       |       |       |       |     2 ||     2
       Fleeing           |       |       |       |       |     1 ||     1
Armor: Leather armour    |       |    10 |   105 |   152 |    57 ||   324
Dodge: Dodged            |       |    22 |   171 |   296 |   126 ||   615
Block: Buckler           |       |    14 |    72 |   116 |       ||   202
       Kite shield       |       |       |       |    41 |   168 ||   209
       Rpst.: Long sword |       |     7 |    52 |    33 |       ||    92

Table legend: (Time is in decaauts)
 A = Elapsed time spent in this place.
 B = Non-inter-level travel time spent in this place.
 C = Inter-level travel time spent in this place.
 D = Time resting spent in this place.
 E = Time spent auto-exploring this place.
 F = Levels seen in this place.
 G = Mean time per level.
                   A        B        C        D        E       F      G
               +--------+--------+--------+--------+--------+-----+--------+
         Total |  38717 |  36429 |   2288 |   9258 |  23471 |  17 | 2277.5 |
       Dungeon |  23761 |  21792 |   1969 |   5427 |  14232 |  11 | 2160.1 |
          Lair |  14956 |  14638 |    318 |   3831 |   9239 |   6 | 2492.7 |
               +--------+--------+--------+--------+--------+-----+--------+

Top non-repeatable levels by time:
  Lair:2: 4239 daAuts
  Lair:3: 4026 daAuts
     D:8: 3941 daAuts
    D:10: 3179 daAuts
     D:9: 3004 daAuts
  Lair:5: 2623 daAuts
     D:4: 2621 daAuts
  Lair:4: 2611 daAuts
     D:6: 2429 daAuts
     D:2: 2413 daAuts
     D:5: 1840 daAuts
     D:7: 1701 daAuts
     D:1: 1169 daAuts
     D:3: 1154 daAuts
  Lair:1: 1119 daAuts
